 Dungeon Crawl Stone Soup version 0.30-b1-2-g02819fbbbe (webtiles) character file.

Game seed: 17758097658079928549

725 Armakuni the Charlatan (level 8, -10/62 HPs)
             Began as a Human Wanderer on May 18, 2023.
             Mangled by a two-headed ogre
             ... wielding a +0 giant club
              (17 damage)
             ... on level 5 of the Dungeon.
             The game lasted 00:15:53 (3865 turns).

Armakuni the Charlatan (Human Wanderer)             Turns: 3865, Time: 00:15:54

Health: -10/62     AC:  6    Str: 15    XL:     8   Next: 2%
Magic:  8/8        EV: 10    Int: 13    God:
Gold:   172        SH:  0    Dex: 12    Spells: 7/7 levels left

rFire   . . .        a - +1 whip (venom)
rCold   . . .        (no shield)
rNeg    + . .        h - +0 ring mail
rPois   .            m - +0 helmet
rElec   .            (no cloak)
rCorr   .            (no gloves)
SInv    .            (no boots)
Will    .....        R - amulet of regeneration
Stlth   +            N - ring of positive energy
HPRegen 1.10/turn    (no ring)
MPRegen 0.11/turn

%: no passive effects
@: mighty, flying
A: no striking features
a: no special abilities


You were on level 5 of the Dungeon.
You visited 1 branch of the dungeon, and saw 5 of its levels.

You collected 266 gold pieces.
You spent 94 gold pieces at shops.

Inventory:

Hand Weapons
 a - a +1 whip of venom (weapon)
 b - a +1 shortbow of freezing
 s - a +0 whip of electrocution
Missiles
 c - 15 poisoned darts
 q - 2 throwing nets
Armour
 h - a +0 ring mail (worn)
 k - a +0 scale mail
 m - a +0 helmet (worn)
 o - a +0 plate armour
Jewellery
 H - an amulet of reflection
 N - a ring of positive energy (left hand)
 R - an amulet of regeneration (around neck)
Scrolls
 d - a scroll of fog
 n - a scroll of vulnerability
 r - 2 scrolls of amnesia
 C - a scroll of brand weapon
Potions
 e - 2 potions of lignification
 f - 2 potions of curing
 g - a potion of resistance
 j - a potion of might
 l - 3 potions of haste {unknown}
 p - a potion of ambrosia {unknown}
 X - a potion of attraction


   Skills:
 - Level 5.0 Fighting
 + Level 4.2 Maces & Flails
 - Level 3.0 Ranged Weapons
 - Level 2.0 Throwing
 - Level 1.0 Armour
 - Level 2.0 Unarmed Combat
 - Level 5.0 Evocations


You had 7 spell levels left.
You didn't know any spells.
Your spell library contained the following spells:

 Spells                   Type           Power      Damage    Failure   Level
 Freeze                   Ice            0%         1d3       52%         1
 Frozen Ramparts          Ice            0%         1d1       88%         3
 Hailstorm                Conj/Ice       0%         3d3       88%         3
 Fireball                 Conj/Fire      0%         3d3       100%        5
 Iskenderun's Battlesphe  Conj           0%         2d6       100%        5
 Conjure Ball Lightning   Conj/Air       0%         3x3d6     100%        6
 Orb of Destruction       Conj           0%         9d5       100%        7


Dungeon Overview and Level Annotations

Branches:
Dungeon (5/15)
 Temple: D:4-7

Altars:
Xom

Shops:
D:2 *


Message History

You start resting.
A two-headed ogre is nearby!
You aren't carrying any items that you can evoke.
Okay, then.
Unknown command.
You feel very mighty all of a sudden.
You hit the two-headed ogre.
The two-headed ogre is poisoned.
The two-headed ogre is lightly wounded.
The two-headed ogre hits you with a +0 giant club!!
The two-headed ogre completely misses you.
Okay, then.
Unknown command.
It was a potion of flight.
You feel very buoyant.
You fly up into the air.
The two-headed ogre barely misses you.
The two-headed ogre hits you with a +0 giant club!!
Okay, then.
Unknown command.
You whack the two-headed ogre!
The two-headed ogre looks as sick as possible!
The two-headed ogre is moderately wounded.
You hit the two-headed ogre but do no damage.
The two-headed ogre looks as sick as possible!
The two-headed ogre is moderately wounded.
The two-headed ogre barely misses you.
The two-headed ogre hits you with a +0 giant club!
* * * LOW HITPOINT WARNING * * *
You hit the two-headed ogre.
The two-headed ogre looks as sick as possible!
The two-headed ogre is heavily wounded.
You feel mightier all of a sudden.
The two-headed ogre hits you with a +0 giant club!
* * * LOW HITPOINT WARNING * * *
The two-headed ogre closely misses you.
You whack the two-headed ogre!
The two-headed ogre looks as sick as possible!
The two-headed ogre is severely wounded.
The two-headed ogre closely misses you.
The two-headed ogre hits you with a +0 giant club!
You die...

****,,,...####.#
,**,,**........## ####
,,,,,,,,#.......# ##..#
,***,*,*#.......# #[..#
,,,,,*,,#.......####.†##
,,,,,,,.#.##....##.#...###
,,,,,,,.........c........####
,,,,,,,.......##O##.........##
,,*,,,,.$..#..,#@.#..........#
,,*,,,,....Ol5*##..........###
,,*,,,,.,.....,##...........##
,,,,,,,......................#**
**,,,,,......#....#....##..###,*
***,,,,..(.......##.....###..#,**
**,,,***,,,##.......#....#.....,,
,,,,***,,,,.........##..........*
,,,,,**,,,,....................#*


You could see a two-headed ogre (extremely poisoned) and a centaur.

Vanquished Creatures
  2 black bears
  An ogre (D:4)
  A phantom (D:4)
  An orc priest (D:3)
  A hound (D:5)
  2 gnoll boudas
  A sleepcap (D:4)
  Terence (D:2)
  8 gnolls
  3 adders
  A shadow imp (D:5)
  4 dart slugs
  3 worms
  4 orcs (D:3)
  7 bats
  7 endoplasms
  9 goblins
  6 hobgoblins
  2 jackals (D:1)
  9 kobolds
  3 quokkas
  8 ball pythons
  2 frilled lizards
  11 rats
97 creatures vanquished.

Notes
Turn   | Place    | Note
-------+----------+-------------------------------------------
     0 | D:1      | Armakuni the Human Wanderer began the quest for the Orb.
     0 | D:1      | Armakuni set off with the following items: a +0 shortbow, a
                  | scroll of fog, 10 poisoned darts, a +0 dagger, a potion of
                  | lignification, a +0 leather armour.
     0 | D:1      | Reached XP level 1. HP: 16/16 MP: 1/1
   159 | D:1      | Reached XP level 2. HP: 23/23 MP: 2/2
   408 | D:1      | Reached XP level 3. HP: 29/29 MP: 3/3
   894 | D:2      | Noticed Terence
   900 | D:2      | Killed Terence
   901 | D:2      | Reached XP level 4. HP: 21/37 MP: 4/4
  1320 | D:2      | You fall into a shaft and drop 2 floors!
  1353 | D:4      | Reached skill level 1 in Evocations
  1353 | D:4      | Reached XP level 5. HP: 22/43 MP: 5/5
  1477 | D:4      | Noticed a phantom
  1497 | D:4      | Killed a phantom
  1539 | D:4      | Reached XP level 6. HP: 49/49 MP: 6/6
  1933 | D:2      | Found a shimmering altar of Xom.
  1937 | D:2      | Found Wywkiec's Assorted Antiques.
  1948 | D:2      | Bought a green potion for 22 gold pieces
  1948 | D:2      | Bought a fuming grey potion for 22 gold pieces
  1948 | D:2      | Bought a scroll labelled RANLA GIEKAE for 25 gold pieces
  1948 | D:2      | Bought a scroll labelled RANLA GIEKAE for 25 gold pieces
  3130 | D:4      | Noticed a black bear
  3139 | D:4      | Killed a black bear
  3139 | D:4      | Noticed an ogre
  3140 | D:4      | Reached skill level 5 in Evocations
  3140 | D:4      | Reached XP level 7. HP: 49/55 MP: 7/7
  3147 | D:4      | Reached skill level 1 in Maces & Flails
  3382 | D:4      | Reached skill level 5 in Fighting
  3631 | D:5      | Entered Level 5 of the Dungeon
  3694 | D:5      | Noticed a two-headed ogre
  3840 | D:5      | Reached XP level 8. HP: 58/62 MP: 8/8
  3865 | D:5      | Mangled by a two-headed ogre

Illustrated notes

Levels and vault maps discovered:
D:1:      dpeg_arrival_arbitrary_c, layout_loops_ring, grunt_decor_fettered,
          minmay_rat_gold_closets
D:2:      layout_loops_ring, serial_shops, shop, basic_altar, uniq_terence
D:3:      layout_basic, hangedman_abyss_or_decor_stabs
D:4:      layout_basic
D:5:      layout_cave_pools

Skill      XL: |  1  2  3  4  5  6  7 |
---------------+----------------------+-----
Fighting       | 3 4 5 |  5.0
Evocations     | 1 3 5 |  5.0
Maces & Flails | 4 |  4.2
Ranged Weapons | |  3.0
Throwing       | |  2.0
Armour         | |  1.0
Unarmed Combat | |  2.0

Action                     |  1- 3 |  4- 6 |  7- 9 || total
---------------------------+-------+-------+-------++-------
  Melee: Short sword       |    50 |    15 |       ||    65
         Whip              |       |   132 |    87 ||   219
         Punch             |       |     2 |     3 ||     5
   Fire: Shortbow          |    65 |       |       ||    65
  Throw: Dart              |     1 |       |       ||     1
  Evoke: Wand              |       |    12 |     6 ||    18
    Use: Scroll            |     2 |     8 |     3 ||    13
         Potion            |     1 |       |     4 ||     5
 Armour: Ring mail         |    48 |    43 |    19 ||   110
  Dodge: Dodged            |    47 |    63 |    50 ||   160
  Block: Other             |       |    25 |       ||    25
         Reflection        |       |     1 |       ||     1
